 Dungeon Crawl Stone Soup version 0.20-a0-809-gaf7f668 (webtiles) character file.

138808 Stoats the Fencer (level 17, 0/163 HPs)
             Began as a Barachian Fighter on Mar 3, 2017.
             Was a High Priest of Wu Jian.
             Slain by an anaconda (7 damage)
             ... on level 3 of the Snake Pit.
             The game lasted 01:40:22 (37816 turns).

Stoats the Fencer (Barachian Fighter)              Turns: 37816, Time: 01:40:23

Health: 0/163      AC: 27    Str: 21    XL:     17   Next: 27%
Magic:  25/25      EV:  6    Int:  6    God:    Wu Jian [*****.]
Gold:   1264       SH:  4    Dex: 18    Spells: 9/16 levels left

rFire    . . .     SeeInvis +   a - +4 great sword (protect)
rCold    . . .     Gourm    .   h - +3 chain mail {rPois}
rNeg     . . .     Faith    .   (shield currently unavailable)
rPois    +         Spirit   .   G - +1 hat
rElec    .         Reflect  +   (no cloak)
rCorr    .         Harm     .   D - +0 pair of gloves
MR       ++...                  X - +0 pair of boots
Stlth    ..........             F - +4 amulet of reflection
Regen    0.4/turn               K - ring of see invisible
MPRegen  0.2/turn               j - ring of protection from magic

@: lethally poisoned (0 -> 0), protection aura, can't hop, very slightly
contaminated, constricted, studying Crossbows, invisible, slow
A: +LOS, swims, beak, agile 1, dopey 1, sense surroundings 1, robust 1, slowness
1, strong legs 2
a: Hop, Serpent's Lash, Heaven On Earth, Renounce Religion


You were on level 3 of the Snake Pit.
You worshipped Wu Jian.
Wu Jian was extremely pleased with you.
You were not hungry.

You visited 6 branches of the dungeon, and saw 30 of its levels.
You also visited: Labyrinth.

You collected 2418 gold pieces.
You spent 1154 gold pieces at shops.

Inventory:

Hand Weapons
 a - a +4 great sword of protection (weapon)
 b - a +0 arbalest
 c - the +9 trident of Recony {drain, rC+}
   (You found it on level 6 of the Dungeon)

   A truly terrible weapon, it drains the life of those it strikes.
   It protects you from cold.
Missiles
 r - 252 bolts
Armour
 h - a +3 chain mail of poison resistance (worn)
 w - the +8 orange crystal plate armour {Archmagi, Int+3 Clar}
   (You found it on level 10 of the Dungeon)

   It affects your intelligence (+3).
   It protects you against confusion.
 D - a +0 pair of gloves (worn)
 G - a +1 hat (worn)
 X - a +0 pair of boots (worn)
Jewellery
 d - an uncursed ring of protection from cold
 i - an uncursed ring of positive energy
 j - a ring of protection from magic (left hand)
 A - a +3 ring of intelligence
 F - a +4 amulet of reflection (around neck)
 K - a ring of see invisible (right hand)
Wands
 n - a wand of digging (15/24)
 t - a wand of paralysis (9/24)
 C - a wand of iceblast (6/15)
 E - a wand of confusion (4/48)
 I - a wand of flame (26/48)
 J - a wand of acid (9/15)
 N - a wand of iceblast (11/15)
 S - a wand of flame (30/48)
 W - a wand of lightning (8/15)
 Z - a wand of acid (7/15)
Scrolls
 k - a scroll of brand weapon
 l - a scroll of amnesia
 o - 3 scrolls of fog
 p - a scroll of recharging
 u - a scroll of holy word
 y - a scroll of silence
 z - 5 scrolls of remove curse
 V - 4 scrolls of identify
Potions
 e - 7 potions of curing
 m - 2 potions of flight
 H - a potion of ambrosia
 Y - 2 potions of brilliance
Books
 q - a manual of Crossbows
 B - a book of Air

   Spells                             Type                      Level
   a - Shock                          Conjuration/Air              1
   b - Swiftness                      Charms/Air                   2
   c - Static Discharge               Conjuration/Air              3
   d - Airstrike                      Air                          4
   e - Lightning Bolt                 Conjuration/Air              5
Miscellaneous
 x - a lightning rod (4/4)
 M - a lamp of fire (inert)
 P - a lamp of fire (inert)
 Q - a fan of gales
Comestibles
 f - 5 bread rations
 g - 14 royal jellies


   Skills:
 - Level 17.7 Fighting
 - Level 20.2 Long Blades
 + Level 13.0 Crossbows
 - Level 14.8 Armour
 - Level 1.4 Dodging
   Level 3.2 Shields
 - Level 11.9 Evocations


You had 9 spell levels left.
You knew the following spells:

 Your Spells              Type           Power        Failure   Level  Hunger
a - Apportation           Tloc           #.....       99%         1    ##.....
b - Summon Butterflies    Summ           #.......     99%         1    ##.....
c - Lesser Beckoning      Tloc           #.........   100%        3    ####...
d - Swiftness             Chrm/Air       #.......     100%        2    ###....


Dungeon Overview and Level Annotations

Branches:
Dungeon (14/15)            Temple (1/1) D:5            Lair (6/6) D:8
 Shoals (4/4) Lair:4        Snake (3/4) Lair:2        Slime (0/5) Lair:6
    Orc (2/2) D:10            Elf (0/3) Orc:2
 Vaults: D:13-14

Altars:
Ashenzari
Cheibriados
Dithmenos
Elyvilon
Fedhas
Gozag
Hepliaklqana
Kikubaaqudgha
Makhleb
Nemelex Xobeh
Okawaru
Qazlal
Ru
Sif Muna
Trog
Uskayaw
Vehumet
Wu Jian
Xom
Yredelemnul
Zin
The Shining One
Beogh
Lugonu

Shops:
D:2 *   D:6 }   D:7 (   D:8 }   D:9 *   Orc:2 [[:}   Shoals:3 :

Annotations:
Lair:2 exclusion: oklob plant
Shoals:4 Ilsuiw
Snake:2 Aizul, Azrael


Innate Abilities, Weirdness & Mutations

Shadows flee at your approach. (+LOS)
You can swim through water.
You cover ground slowly.
You can hop longer distances.
You have a beak for a mouth.
You are agile. (Dex +2)
You are dopey. (Int -2)
You passively map a small area around you.
You are robust. (+10% HP)


Message History

You closely miss the anaconda.
The anaconda is almost dead.
You spin and attack the naga mage.
You hit the naga mage but do no damage.
You feel sick.
You hear a shout!
The naga mage points at you and mumbles some strange words.
The bolt of poison hits you! You resist.
* * * LOW HITPOINT WARNING * * *
The anaconda misses you.
The naga mage hits you but does no damage.
You block the naga mage's attack.
A naga ritualist comes into view. It is wielding a scimitar of venom.
You catch the helpless anaconda completely off-guard!
You slash the anaconda!
The anaconda is almost dead.
The anaconda bites you but does no damage.
The naga mage barely misses you. The naga mage grabs you.
* * * LOW HITPOINT WARNING * * *
The naga mage constricts you. The anaconda bites you!
You die...

### #####
####...##S..##
........@SS..#
.......NNNN...#
,.........S....#
,..............#
,
.....<.......##
,........#...##
......#.###>#*
........ .. ,
,......#. #.N, *


You could see a naga warrior, an anaconda, a naga ritualist, 2 mana vipers, a
black mamba, a naga mage and 2 nagas.

Vanquished Creatures
  Rupert (Lair:2)
  Gastronok (Lair:2)
  Kirke (Snake:1)
  Donald (Shoals:1)
  2 orc warlords
  The ghost of dvd the Spear-Bearer, a journeyman MiFi of Wu Jian (D:11)
  4 merfolk impalers
  A minotaur (Lab)
  An ogre mage (Orc:2)
  2 catoblepae
  A merfolk avatar (Lair:6)
  A naga warrior (Snake:1)
  3 anacondas
  7 hydras
  2 merfolk aquamancers
  8 two-headed ogres
  5 death yaks
  3 satyrs
  6 orc high priests (Orc:2)
  13 sea snakes
  An unseen horror (D:11)
  2 naga ritualists
  7 harpies
  7 orc knights
  5 mana vipers
  2 orc sorcerers
  A lindwurm (Lair:6)
  3 salamanders (Snake:1)
  3 oklob plants
  3 ugly things
  9 manticores
  23 fauns
  2 cyclopes
  10 black mambas
  14 elephants
  7 merfolk sirens
  4 naga magi
  2 water nymphs (Shoals:3)
  2 gargoyles
  11 spiny frogs
  3 rime drakes
  19 komodo dragons
  A tengu conjurer (D:13)
  A yaktaur (Shoals:2)
  9 trolls
  7 polar bears
  15 blink frogs
  17 merfolk
  5 wind drakes
  The ghost of Goblin1989 the Slasher, an amateur BaFi of Okawaru (D:4)
  Grinder (D:5)
  Prince Ribbit (Lair:4)
  8 dream sheep
  9 snapping turtles
  12 hippogriffs
  A centaur simulacrum (D:12)
  2 water elementals (Shoals:1)
  8 wyverns
  A shadow (D:12)
  45 yaks
  6 hogs (Snake:1)
  3 basilisks
  2 hungry ghosts
  A vampire mosquito (D:13)
  9 nagas
  5 wargs
  13 water moccasins
  8 porcupines
  2 sky beasts
  An eye of draining (D:12)
  39 orc warriors
  3 ice beasts
  12 ogres
  5 phantoms
  A necrophage (D:9)
  6 wolves
  11 centaurs
  14 crocodiles
  Blork the orc (D:6)
  A wyvern zombie (D:11)
  10 bullfrogs
  A gnoll sergeant (D:11)
  2 water moccasin zombies
  A wyvern skeleton (D:12)
  5 scorpions
  4 killer bees (D:10)
  2 vampire bats (D:9)
  8 wights
  5 howler monkeys
  3 electric eels
  5 crimson imps
  2 centaur zombies
  8 jellies
  4 hounds
  A bullfrog skeleton (D:11)
  36 orc priests
  A centaur skeleton (D:12)
  2 iguanas
  23 orc wizards
  5 worker ants
  A hound zombie (D:7)
  A howler monkey zombie (D:10)
  5 worker ant zombies
  8 gnolls
  10 adders
  A howler monkey skeleton (D:8)
  A shadow imp (D:10)
  24 oozes
  An adder skeleton (D:7)
  2 worms
  2 dart slugs
  5 leopard geckos
  113 orcs
  2 ball pythons
  3 bat skeletons (D:9)
  3 bat zombies (D:9)
  8 giant cockroaches
  13 goblins
  4 hobgoblins
  7 jackals
  4 quokkas
  9 bats
  3 frilled lizards
  9 kobolds
  A quokka zombie (D:7)
  13 rats
  2 bushes
  A plant (Lair:1)
875 creatures vanquished.

Vanquished Creatures (collateral kills)
  A hydra (Lair:3)
  2 wolves (Lair:3)
3 creatures vanquished.

Vanquished Creatures (others)
  A merfolk javelineer (Shoals:1)
  A human (Snake:1)
  A centaur (Shoals:1)
  An orc (D:10)
  2 bushes (Shoals:2)
  26 fungi
  30 plants
  4 tentacles (Shoals:1)
66 creatures vanquished.

Grand Total: 944 creatures vanquished

Notes
Turn   | Place    | Note
-------+----------+-------------------------------------------
     0 | D:1      | Stoats the Barachian Fighter began the quest for the Orb.
     0 | D:1      | Reached XP level 1. HP: 18/18 MP: 1/1
   109 | D:1      | Reached skill level 3 in Long Blades
   114 | D:1      | Reached XP level 2. HP: 17/24 MP: 2/2
   374 | D:1      | Reached skill level 4 in Long Blades
   445 | D:1      | Reached XP level 3. HP: 25/29 MP: 3/3
   755 | D:2      | Found Gozag's Platinum Reserve.
   772 | D:2      | Found an opulent altar of Gozag.
   939 | D:2      | Reached skill level 5 in Long Blades
   948 | D:2      | Reached XP level 4. HP: 20/36 MP: 4/4
  1668 | D:3      | Found a glowing silver altar of Zin.
  1778 | D:3      | Found a snail-covered altar of Cheibriados.
  2000 | D:3      | Found a glowing drain.
  2003 | D:3      | Reached skill level 6 in Long Blades
  2107 | D:3      | Reached XP level 5. HP: 41/41 MP: 5/5
  2250 | D:3      | Found a burning altar of Makhleb.
  2291 | D:3      | Reached skill level 7 in Long Blades
  2349 | D:4      | Got a crude ring mail
  2350 | D:4      | Identified the cursed +0 ring mail of Resonance {*Slow rF- Int+6 Stlth+} (You found it on level 4 of the Dungeon)
  2384 | D:4      | Noticed an ogre
  2390 | D:4      | Killed an ogre
  2390 | D:4      | Reached XP level 6. HP: 47/47 MP: 6/6
  2442 | D:4      | Found a basalt altar of Yredelemnul.
  2578 | D:4      | Reached skill level 8 in Long Blades
  3139 | D:4      | Noticed Goblin1989's ghost (amateur BaFi)
  3153 | D:4      | Killed Goblin1989's ghost
  3153 | D:4      | Reached skill level 9 in Long Blades
  3153 | D:4      | Reached XP level 7. HP: 32/52 MP: 7/7
  3251 | D:5      | Entered Level 5 of the Dungeon
  3430 | D:5      | Reached skill level 10 in Long Blades
  3559 | D:5      | Found a staircase to the Ecumenical Temple.
  3565 | Temple   | Entered the Ecumenical Temple
  3599 | Temple   | Became a worshipper of the Wu Jian Council
  4143 | D:5      | Reached XP level 8. HP: 38/59 MP: 8/8
  4300 | D:5      | Reached skill level 11 in Long Blades
  5201 | D:5      | Reached * piety under Wu Jian
  5375 | D:6      | Found a radiant altar of Vehumet.
  5390 | D:6      | Got a brightly glowing trident
  5391 | D:6      | Identified the +9 trident of Recony {drain, rC+} (You found it on level 6 of the Dungeon)
  5435 | D:6      | Found a stormy altar of Qazlal.
  5443 | D:6      | Noticed Grinder
  5460 | D:5      | Reached skill level 12 in Long Blades
  5616 | D:6      | Noticed Blork the orc
  5633 | D:6      | Killed Blork the orc
  5789 | D:5      | Paralysed by Grinder for 2 turns
  5796 | D:5      | Killed Grinder
  5950 | D:6      | Found Feanu's Gadget Shop.
  5970 | D:6      | Found a deep blue altar of Sif Muna.
  5987 | D:6      | Reached skill level 13 in Long Blades
  5987 | D:6      | Reached XP level 9. HP: 57/64 MP: 9/9
  6676 | D:7      | Found Vaotidawau's Weapon Shoppe.
  6713 | D:7      | Found a blossoming altar of Fedhas.
  6838 | D:7      | Found a radiant altar of Vehumet.
  7216 | D:7      | Reached skill level 14 in Long Blades
  7338 | D:8      | Found a staircase to the Lair.
  7378 | D:8      | Gained mutation: You expend magic power (3 MP) to strengthen your wands. [mutagenic meat]
  7379 | D:8      | Gained mutation: You passively map a small area around you. [mutagenic meat]
  7380 | D:8      | Gained mutation: Your body sometimes deteriorates upon taking damage. [mutagenic meat]
  7381 | D:8      | Gained mutation: You are weak. (Str -2) [mutagenic meat]
  7437 | D:8      | Reached skill level 5 in Fighting
  7439 | D:8      | Reached ** piety under Wu Jian
  7627 | D:8      | Found a sparkling altar of Nemelex Xobeh.
  7652 | D:8      | Noticed a two-headed ogre
  8142 | D:8      | Found a stormy altar of Qazlal.
  8149 | D:8      | Found a sacrificial altar of Ru.
  8201 | D:8      | Killed a two-headed ogre
  8201 | D:8      | Reached XP level 10. HP: 42/82 MP: 4/10
  8720 | D:8      | Found Ceeroh's Gadget Shop.
  8742 | D:8      | Found a glowing golden altar of the Shining One.
  8797 | D:8      | Found a sacrificial altar of Ru.
  9158 | D:9      | Reached skill level 10 in Fighting
  9200 | D:9      | Found a snail-covered altar of Cheibriados.
  9201 | D:9      | Lost mutation: You are weak. (Str -2) [potion of mutation]
  9201 | D:9      | Lost mutation: You expend magic power (3 MP) to strengthen your wands. [potion of mutation]
  9201 | D:9      | Lost mutation: You passively map a small area around you. [potion of mutation]
  9201 | D:9      | Gained mutation: Your body often deteriorates upon taking damage. [potion of mutation]
  9201 | D:9      | Gained mutation: You are resistant to electric shocks. (rElec) [potion of mutation]
  9397 | D:9      | Found Naofaus's Assorted Antiques.
  9516 | D:9      | Reached *** piety under Wu Jian
  9517 | D:9      | Found an ancient bone altar of Kikubaaqudgha.
  9619 | D:10     | Entered Level 10 of the Dungeon
 10044 | D:10     | Got a distressingly furry leather armour
 10045 | D:10     | Identified the +3 leather armour of Nietzaot {rN+} (You found it on level 10 of the Dungeon)
 10516 | D:10     | Found a staircase to the Orcish Mines.
 10555 | D:10     | Reached skill level 1 in Evocations
 10681 | D:11     | Reached **** piety under Wu Jian
 10694 | D:11     | Noticed a gargoyle
 10706 | D:11     | Killed a gargoyle
 10810 | D:11     | Killed an unseen horror
 10810 | D:11     | Reached skill level 5 in Evocations
 10901 | D:11     | Reached XP level 11. HP: 93/95 MP: 14/14
 10919 | D:11     | Noticed a two-headed ogre
 10919 | D:11     | Noticed dvd's ghost (journeyman MiFi)
 10937 | D:11     | Killed a two-headed ogre
 10952 | D:11     | Killed dvd's ghost
 11972 | D:12     | Noticed a red ugly thing
 11991 | D:12     | Killed a red ugly thing
 11991 | D:12     | Reached skill level 10 in Armour
 12637 | D:12     | Reached ***** piety under Wu Jian
 12646 | D:12     | Reached skill level 15 in Long Blades
 12948 | D:13     | Reached XP level 12. HP: 102/102 MP: 15/15
 12992 | D:13     | Gained mutation: Scrolls take you a little longer to read. [mutagenic meat]
 12993 | D:13     | Gained mutation: You passively map a small area around you. [mutagenic meat]
 12995 | D:13     | Gained mutation: You have very sharp teeth. [mutagenic meat]
 13225 | D:13     | Reached skill level 16 in Long Blades
 13842 | D:14     | Noticed a tengu warrior
 14106 | Orc:1    | Entered Level 1 of the Orcish Mines
 14348 | Orc:2    | Entered Level 2 of the Orcish Mines
 14348 | Orc:2    | Noticed a two-headed ogre
 14348 | Orc:2    | Noticed a two-headed ogre
 14350 | Orc:2    | Noticed an ogre mage
 14350 | Orc:2    | Noticed a two-headed ogre
 14350 | Orc:2    | Noticed a two-headed ogre
 14353 | Orc:2    | Noticed a two-headed ogre
 14359 | Orc:1    | Killed a two-headed ogre
 14359 | Orc:1    | Reached skill level 17 in Long Blades
 14503 | Orc:1    | Killed a two-headed ogre
 14674 | Orc:1    | Noticed an orc warlord
 14701 | Orc:1    | Killed an orc warlord
 14706 | Orc:1    | Reached skill level 18 in Long Blades
 15424 | Lair:1   | Entered Level 1 of the Lair of Beasts
 15506 | Lair:1   | Gained mutation: You can hop longer distances. [Barachian growth]
 15506 | Lair:1   | Reached XP level 13. HP: 93/107 MP: 16/16
 16773 | Lair:2   | Noticed Prince Ribbit
 16859 | Lair:2   | Found a labyrinth entrance.
 16870 | Lab      | Entered a labyrinth
 17328 | Lab      | Noticed a minotaur
 17356 | Lab      | Killed a minotaur
 17356 | Lab      | Reached skill level 19 in Long Blades
 17363 | Lab      | Identified the Papyrus of Pathos
 17363 | Lab      | Identified The Testament of Boris
 17653 | Lair:2   | Noticed Gastronok
 17772 | Lair:2   | Killed Gastronok
 17998 | Lair:2   | Found a staircase to the Snake Pit.
 18830 | Lair:3   | Noticed Rupert
 19964 | Lair:3   | Reached skill level 20 in Long Blades
 20518 | Lair:4   | Killed Prince Ribbit
 20714 | Lair:4   | Found a staircase to the Shoals.
 22007 | Orc:1    | Reached XP level 14. HP: 82/119 MP: 17/17
 22327 | Orc:2    | Gained mutation: You occasionally shout uncontrollably at your foes. [a neqoxec]
 22518 | Orc:2    | Found a roughly hewn altar of Beogh.
 22716 | Orc:2    | Found a staircase to the Elven Halls.
 22749 | Orc:2    | Noticed an orc warlord
 22793 | Orc:2    | Killed an orc warlord
 22793 | Orc:2    | Reached skill level 15 in Fighting
 24742 | Orc:2    | Found Goidac's Antique Armour Boutique.
 24742 | Orc:2    | Found Gival's Gadget Boutique.
 24743 | Orc:2    | Found Tatwohom's Armour Boutique.
 24743 | Orc:2    | Found Muci's Book Shop.
 24758 | Orc:2    | Bought the +2 ring mail of the Equinox {rPois Str+4 Int-4 Dex+6} for 604 gold pieces
 25250 | Lair:2   | Killed Rupert
 25857 | Lair:5   | Lost mutation: You are resistant to electric shocks. (rElec) [potion of mutation]
 25857 | Lair:5   | Lost mutation: You have very sharp teeth. [potion of mutation]
 25857 | Lair:5   | Lost mutation: You occasionally shout uncontrollably at your foes. [potion of mutation]
 25857 | Lair:5   | Lost mutation: Scrolls take you a little longer to read. [potion of mutation]
 25857 | Lair:5   | Lost mutation: Your body often deteriorates upon taking damage. [potion of mutation]
 25857 | Lair:5   | Lost mutation: Your body sometimes deteriorates upon taking damage. [potion of mutation]
 25857 | Lair:5   | Gained mutation: You are dopey. (Int -2) [potion of mutation]
 25857 | Lair:5   | Gained mutation: You have a beak for a mouth. [potion of mutation]
 25857 | Lair:5   | Gained mutation: You are robust. (+10% HP) [potion of mutation]
 25857 | Lair:5   | Gained mutation: You are agile. (Dex +2) [potion of mutation]
 25935 | Lair:5   | Reached XP level 15. HP: 123/148 MP: 18/18
 26572 | Lair:6   | Entered Level 6 of the Lair of Beasts
 26898 | Lair:6   | Found a staircase to the Slime Pits.
 27148 | Lair:6   | Reached ****** piety under Wu Jian
 28250 | Lair:6   | Found a white marble altar of Elyvilon.
 29208 | Lair:6   | Reached skill level 1 in Dodging
 29537 | Shoals:1 | Entered Level 1 of the Shoals
 29793 | Lair:4   | Learned a level 1 spell: Apportation
 29795 | Lair:4   | Learned a level 1 spell: Summon Small Mammal
 30818 | Shoals:1 | Reached XP level 16. HP: 113/157 MP: 22/22
 31262 | Shoals:2 | Noticed Donald
 31271 | Shoals:1 | Killed Donald
 31280 | Shoals:1 | Noticed a kraken
 31878 | Shoals:3 | Reached skill level 10 in Evocations
 31951 | Shoals:3 | Got a brightly glowing leather armour
 31952 | Shoals:3 | Identified the cursed +1 leather armour of Oxeno {MR+} (You found it on level 3 of the Shoals)
 32603 | Shoals:3 | Found Voefi's Book Shoppe.
 32638 | Shoals:3 | Bought a book of Party Tricks for 550 gold pieces
 32642 | Shoals:3 | Learned a level 3 spell: Lesser Beckoning
 32644 | Shoals:3 | Learned a level 1 spell: Summon Butterflies
 33343 | Shoals:4 | Entered Level 4 of the Shoals
 34007 | Shoals:2 | Reached skill level 1 in Crossbows
 34304 | Shoals:4 | Reached skill level 5 in Crossbows
 34410 | Shoals:4 | Noticed Ilsuiw
 36441 | Snake:1  | Entered Level 1 of the Snake Pit
 36455 | Snake:1  | Learned a level 2 spell: Swiftness
 36470 | Snake:1  | Reached XP level 17. HP: 124/163 MP: 25/25
 36646 | Snake:1  | Reached skill level 10 in Crossbows
 36703 | Snake:1  | Noticed Kirke
 36718 | Snake:1  | Noticed a sphinx
 36723 | Snake:1  | Killed Kirke
 36742 | Snake:1  | Found an ornate altar of the Wu Jian Council.
 37271 | Snake:1  | Found a basalt altar of Yredelemnul.
 37655 | Snake:2  | Noticed Azrael
 37783 | Snake:2  | Noticed Aizul
 37816 | Snake:3  | HP: 7/163 [naga mage/whip (3)]
 37816 | Snake:3  | Slain by an anaconda

Vault maps used:
D:1:      lordsloth_arrival_two_stooges
D:2:      first_bread, nicolae_gozag_zags_fifth_avenue
D:3:      lemuel_round_altar, makhleb_grotto_becter, gup_sewer_entry_bubbles,
          cheibriados_altar_1
D:4:      yredelemnul_altar_generic
D:5:      minmay_temple_entry_enclosed_plants
D:6:      vehumet_altar_wand_db, overflow_temple_1_default, serial_shops, shop,
          basic_altar, uniq_grinder, uniq_blork_the_orc
D:7:      kennysheep_mini, serial_shops, shop, basic_altar
D:8:      nemelex_xobeh_ov_fountains_minmay, kennysheep_mini_moat,
          amethyst_overflow_temple_binary, lair_entry_dummy, serial_shops, shop,
          hangedman_little_slice_of_home, hangedman_ru_absence
D:9:      kennysheep_vampire_church, old_standard_altar, serial_shops,
          shop_statue
D:10:     hiddenorc1_lemuel
D:14:     minmay_big_diamond_grid, david_vaults_2, portal_ice_cave_rime,
          hangedman_abyss_or_decor_slice
Temple:   corrupted_temple
Lair:1:   disabler_island, infiniplex_staircase_pool_2
Lair:2:   guppyfry_snake_entry_island, lab_entry_generic,
          minmay_lair_oklob_chamber, uniq_gastronok, uniq_prince_ribbit2
Lair:3:   uniq_rupert
Lair:4:   elwin_shoals_entry_rocks, grunt_megastairs_1, serial_bayou_shore_a
Lair:5:   lemuel_slime, beast_lair_carwin_5
Lair:6:   gammafunk_lair_ancient_temple, slime_dummy, basic_altar
Shoals:2: yaktaur_hedge, uniq_donald, uniq_jorgrun, uniq_polyphemus
Shoals:3: nicolae_shoals_c_island
Shoals:4: shoals_end_grunt_garden, shoal_ilsuiw
Snake:1:  hangedman_feature_mirror, uniq_kirke
Snake:2:  uniq_aizul, uniq_azrael
Snake:3:  cheibrodos_snake_lava_hold, uniq_saint_roka, uniq_bai_suzhen
Orc:2:    st_orc_pillars, basic_altar
Lab:      labyrinth_spiral, nicolae_lab_grate_2

Skill      XL: |  1  2  3  4  5  6  7  8  9 10 11 12 13 14 15 16 17 |
---------------+----------------------------------------------------+-----
Long Blades    | 3 4 5 6 7 9 10 13 14 15 18 20 | 20.2
Fighting       | 8 11 13 17 | 17.7
Evocations     | 5 8 11 | 11.9
Armour         | 10 14 | 14.8
Dodging        | 1 |  1.4
Crossbows      | 9 13 | 13.0
Shields        | |  3.2

Action                   |  1- 3 |  4- 6 |  7- 9 | 10-12 | 13-15 | 16-18 || total
-------------------------+-------+-------+-------+-------+-------+-------++-------
Melee: Long sword        |   108 |   142 |   493 |  1058 |   223 |       ||  2024
       Bite              |       |       |       |    55 |   122 |       ||   177
       Great sword       |       |       |       |       |  1137 |   662 ||  1799
       Trident           |       |       |       |       |    54 |       ||    54
       Peck              |       |       |       |       |   189 |   189 ||   378
Invok: Heaven On Earth   |       |       |       |     1 |     3 |     1 ||     5
       Serpent's Lash    |       |       |       |       |     1 |     2 ||     3
 Abil: Hop               |     1 |       |     2 |     2 |     8 |     8 ||    21
Evoke: Wand              |       |     4 |     4 |     3 |     5 |       ||    16
       Lightning rod     |       |       |       |     1 |    11 |     4 ||    16
       Fan of gales      |       |       |       |       |       |     1 ||     1
       Lamp of fire      |       |       |       |       |       |     1 ||     1
  Use: Potion            |     1 |     6 |     6 |     5 |     7 |     5 ||    30
       Scroll            |       |     3 |     6 |    10 |    12 |    12 ||    43
 Stab: Distracted        |       |     1 |       |       |       |       ||     1
       Invisible         |       |       |     5 |       |       |     2 ||     7
       Petrified         |       |       |       |       |     2 |     7 ||     9
  Eat: Chunk             |       |     7 |    18 |    33 |    30 |       ||    88
       Meat ration       |       |       |     1 |       |     5 |     3 ||     9
       Fruit             |       |       |     1 |       |       |       ||     1
       Royal jelly       |       |       |       |     1 |       |       ||     1
       Bread ration      |       |       |       |       |       |     3 ||     3
Armor: Scale mail        |    41 |    53 |   137 |    42 |       |       ||   273
       Crystal plate arm |       |       |       |   340 |   551 |   254 ||  1145
       Ring mail         |       |       |       |       |   180 |     5 ||   185
       Chain mail        |       |       |       |       |       |   135 ||   135
Dodge: Dodged            |    37 |    38 |   109 |    55 |   310 |   130 ||   679
Block: Shield            |    71 |    69 |   164 |   402 |    65 |       ||   771
       Reflection        |       |       |       |    11 |    10 |    17 ||    38
       Other             |       |       |       |       |   154 |    76 ||   230
       Rpst.: Long sword |    12 |    17 |    32 |    11 |     5 |       ||    77
       Great sword       |       |       |       |       |    61 |    25 ||    86
